cohdb
Replays
Latest Replays
All Replays
Popular Replays
Top Player Replays
Match Explorer
How It Works
Community
CoH3 Stats
Reddit
Sign in to upload your games and track your stats! →
Sign in with Steam
Match 37873504
Unlisted
Match 37873504
Overview
Messages
Build Orders
End
Selects Italian Combined Arms Battlegroup
Selects Bersaglieri Squad
Bersaglieri Squad
Panzergrenadier Squad
Bersaglieri Squad
Construct Light Support Kompanie
2.5-tonne Medical Truck
Panzerjäger Squad
Panzerjäger Mechanized Group
Fire Support Elements
Selects Semovente da 75/18 Assault Gun
Flakvierling Half-track
Selects Carro Armato M13/40 Light Tank
Forward Retreat Point
Selects Pact of Steel
Carro Armato M13/40 Light Tank
MarcusLSW
kya100789
安哥拉威猛先生敲丧钟
中二少年
Honey
khj
Hansizzle
HMMhy
0
0
Comments
sign in to comment!
No comments posted yet!